 Dungeon Crawl Stone Soup version 0.25.1-2-g60ff931df9 (webtiles) character file.

Game seed: 6383146229589463680

144 Snicker the Grave Robber (level 5, 0/36 HPs)
             Began as a Mummy Necromancer on Nov 9, 2020.
             Killed by divine providence
             ... invoked by an orc priest
              (15 damage)
             ... on level 3 of the Dungeon.
             The game lasted 00:04:58 (2762 turns).

Snicker the Grave Robber (Mummy Necromancer)        Turns: 2762, Time: 00:05:15

Health: 0/36       AC:  3    Str: 11    XL:     5   Next: 5%
Magic:  7/10       EV: 11    Int: 15    God:
Gold:   137        SH:  0    Dex: 13    Spells: 9/10 levels left

rFire    x . .     SeeInvis .   d - +2 whip (elec)
rCold    + . .     Gourm    .   (no shield)
rNeg     + + +     Faith    .   g - +0 leather armour
rPois    ∞         Spirit   .   (no helmet)
rElec    .         Reflect  .   (no cloak)
rCorr    .         Harm     .   (no gloves)
MR       .....                  (no boots)
Stlth    ++........             (no amulet)
HPRegen  0.12/turn              (no ring)
MPRegen  0.12/turn              (no ring)

@: no status effects
A: no food or potions, fire vulnerability, cold resistance 1, negative energy
resistance 3, torment resistance, unbreathing
a: no special abilities


You were on level 3 of the Dungeon.
You were not hungry.

You visited 1 branch of the dungeon, and saw 3 of its levels.

You collected 137 gold pieces.

Inventory:

Hand Weapons
 d - a +2 whip of electrocution (weapon)
Armour
 a - a +0 robe
 g - a +0 leather armour (worn)
Scrolls
 b - a scroll of identify {unknown}
 c - a scroll of enchant armour {unknown}
 e - a scroll of amnesia {unknown}
 f - a scroll of random uselessness {unknown}
 h - a scroll of noise {unknown}
 i - a scroll of blinking {unknown}
 j - 2 scrolls of teleportation {unknown}


   Skills:
 + Level 0.9 Fighting
 + Level 0.3 Maces & Flails
 + Level 0.8 Armour
 + Level 1.6 Dodging
 + Level 1.9 Stealth
 + Level 3.3 Spellcasting
 * Level 5.5 Necromancy


You had 9 spell levels left.
You knew the following spells:

 Your Spells              Type           Power        Failure   Level  Hunger
a - Pain                  Necr           ###.         2%          1    N/A

Your spell library contained the following spells:

 Spells                   Type           Power        Failure   Level  Hunger
 Animate Skeleton         Necr           N/A          2%          1    N/A
 Vampiric Draining        Necr           ###.......   8%          3    N/A
 Animate Dead             Necr           N/A          26%         4    N/A
 Agony                    Necr           ###.....     58%         5    N/A

Dungeon Overview and Level Annotations

Branches:
Dungeon (3/15)

Altars:
Vehumet


Innate Abilities, Weirdness & Mutations

You do not eat or drink.
Your flesh is vulnerable to fire.
You are immune to poison.
Your flesh is cold resistant. (rC+)
You are immune to negative energy. (rN+++)
You are immune to unholy pain and torment.
You can survive without breathing.


Message History

The orc priest writhes in agony.
The orc priest mumbles some strange prayers to Beogh against you.
Beogh smites you!
Casting: Pain (safe; 2% risk of failure)
Confirm with . or Enter, or press ? or * to list all spells.
Aiming: Pain (safe; 2% risk of failure)
Press: ? - help, Shift-Dir - straight line, f/p - orc priest
Aim: an orc priest, wielding a +0 dagger (moderately wounded, chance to defeat MR: 78%)
The orc priest writhes in agony.
You barely miss the orc priest.
The orc priest is severely wounded.
The orc priest looks satisfied for a moment.
The giant cockroach misses you.
You hit the orc priest.
The orc priest is almost dead.
The orc wizard gestures at you while chanting.
The puff of flame hits you! The fire burns you terribly!
The orc priest calls down the wrath of Beogh upon you.
Beogh smites you!
You die...

.# ########.#
.........# #
.........#.#
.........#.#
....o......
.....o.o.####
.....os@....+
####.#.#.####
###.# #.# #.#
#.# ......
#.# ......
#.# .......
#.# .......


You could see an orc priest, an orc wizard, 2 orcs and a giant cockroach.

Vanquished Creatures
  Jessica (D:2)
  8 adders
  2 worms
  A dart slug (D:2)
  2 orcs (D:3)
  A ball python (D:1)
  2 giant cockroaches (D:2)
  4 goblins (D:1)
  3 hobgoblins
  2 jackals (D:2)
  A quokka (D:3)
  5 bats
  6 kobolds
  4 rats
42 creatures vanquished.

Notes
Turn   | Place    | Note
-------+----------+-------------------------------------------
     0 | D:1      | Snicker the Mummy Necromancer began the quest for the Orb.
     0 | D:1      | Reached XP level 1. HP: 13/13 MP: 4/4
   549 | D:1      | Reached XP level 2. HP: 19/19 MP: 2/5
   965 | D:2      | Reached skill level 5 in Necromancy
   965 | D:2      | Reached XP level 3. HP: 10/24 MP: 5/7
  1656 | D:2      | Noticed Jessica
  1659 | D:2      | Killed Jessica
  1659 | D:2      | Reached XP level 4. HP: 30/30 MP: 8/8
  1669 | D:2      | Found a faded altar of an unknown god.
  2296 | D:2      | Found a radiant altar of Vehumet.
  2708 | D:3      | Reached XP level 5. HP: 36/36 MP: 7/10
  2762 | D:3      | Killed from afar by an orc priest

Illustrated notes

Levels and vault maps discovered:
D:1:      sevenhm_arrival_forest_fort_small_5, layout_loops_ring
D:2:      layout_basic, lemuel_coloured_pillars_altar,
          chequers_ecumenical_altar_grove, minmay_box_of_dots, uniq_jessica
D:3:      layout_basic, nicolae_ru_the_path_less_chosen

Skill      XL: |  1  2  3 |
---------------+----------+-----
Necromancy     | 5 |  5.5
Spellcasting   | 3 |  3.3
Fighting       | |  0.9
Maces & Flails | |  0.3
Armour         | |  0.8
Dodging        | |  1.6
Stealth        | |  1.9

Action                   |  1- 3 |  4- 6 || total
-------------------------+-------+-------++-------
Melee: Unarmed           |    11 |       ||    11
       Whip              |    30 |    54 ||    84
 Cast: Pain              |    12 |    10 ||    22
 Stab: Sleeping          |     3 |       ||     3
Armor: Leather armour    |     4 |    10 ||    14
Dodge: Dodged            |    23 |    35 ||    58
